 Dungeon Sprint DCSS version 0.26-a0-1026-g544776af23 (webtiles) character file.

Game seed: 9648413816779017040

4 sahdkjhfkaj the Slinger (level 5, -2/37 (38) HPs)
             Began as a Halfling Hunter on Dec 9, 2020.
             Was an Initiate of Gozag.
             Slain by an ufetubus (4 damage)
             ... in the Dungeon (Sprint VI: "Thunderdome").
             The game lasted 00:00:39 (170 turns).

sahdkjhfkaj the Slinger (Halfling Hunter)            Turns: 170, Time: 00:00:40

HP:   -2/37 (38)    AC:  3    Str: 14    XL:     5   Next: 41%
MP:   5/5           EV: 17    Int:  9    God:    Gozag
Gold: 200           SH:  0    Dex: 15    Spells: 4/4 levels left

rFire    . . .     SeeInvis .   b - +0 short sword
rCold    . . .     Faith    .   (shield restricted)
rNeg     . . .     Spirit   .   c - +0 leather armour
rPois    .         Reflect  .   (no helmet)
rElec    .         Harm     .   (no cloak)
rCorr    .         Rampage  .   (no gloves)
Will     .....     NoTele   +   (no boots)
Stlth    ++........             (no amulet)
HPRegen  0.12/turn              (no ring)
MPRegen  0.09/turn              (no ring)

@: no status effects
A: small, mutation resistance 1
a: Potion Petition, Call Merchant, Bribe Branch, Renounce Religion


You were in the Dungeon.
You worshipped Gozag.
Gozag was aware of your devotion.
You visited 1 branch You collected 200 gold pieces.

Inventory:

Hand Weapons
 a - a +1 hunting sling
 b - a +0 short sword (weapon)
Armour
 c - a +0 leather armour (worn)
Wands
 k - a wand of acid (5)
 l - a wand of iceblast (5)
Scrolls
 j - 4 scrolls of blinking
 m - 3 scrolls of fog
Potions
 e - a potion of curing
 f - 4 potions of heal wounds
 g - 4 potions of haste
 h - 2 potions of magic
 i - a potion of berserk rage
 n - a potion of resistance


   Skills:
 + Level 4.3 Fighting
 * Level 10.5 Slings
 + Level 4.6 Armour
 + Level 5.2 Dodging
 - Level 1.1 Stealth


You had 4 spell levels left.
You didn't know any spells.
Your spell library was empty.

Dungeon Overview and Level Annotations

Branches:
Dungeon (1/1)

Altars:
Dithmenos
Gozag
Okawaru
Qazlal
Ru
Trog
Vehumet
Wu Jian
Xom
Jiyva
Lugonu

Shops:
D **[(!!!


Innate Abilities, Weirdness & Mutations

You are small and have problems with some larger weapons.
You are somewhat resistant to further mutation.


Message History

Unknown command.
You barely miss the ufetubus.
The ufetubus is lightly wounded.
The ufetubus hits you but does no damage. x2
The ufetubus misses you. x2
You miss the ufetubus.
The ufetubus is lightly wounded.
The ufetubus barely misses you. x2
Unknown command.
You hit the ufetubus.
The ufetubus is moderately wounded.
The ufetubus closely misses you. The ufetubus hits you.
* * * LOW HITPOINT WARNING * * *
The ufetubus completely misses you. The ufetubus hits you.
* * * LOW HITPOINT WARNING * * *
You hit the ufetubus.
The ufetubus is almost dead.
The ufetubus completely misses you. The ufetubus hits you.
You die...
Your body crumbles into a pile of gold.

...... ..###............
...... #...# #.........
...... #.<.# #.........
...(..###...###((.......
.........###............
......(8.# #.8........∩#
___....(.###..(...__.∩#
#.85..$...(.8.######
#⌠..@....$...⌠#
###$..$.(...###
#_......._# #_..(...._#
#_.(....._# #∩((.....∩#
##∩.....∩## ##.....##
##⌠⌠⌠##


You could see an ufetubus.

Vanquished Creatures
  A necrophage (D)
  A wight (D)
  An adder skeleton (D)
  A giant cockroach (D)
4 creatures vanquished.

Notes
Turn   | Place    | Note
-------+----------+-------------------------------------------
     0 | D        | sahdkjhfkaj the Halfling Hunter began the quest for the
                  | Orb.
     0 | D        | Reached XP level 1. HP: 14/14 MP: 1/1
     1 | D        | Found an iron altar of Okawaru.
     1 | D        | Found a sacrificial altar of Ru.
     2 | D        | Found a radiant altar of Vehumet.
     2 | D        | Found a stormy altar of Qazlal.
     3 | D        | Found an opulent altar of Gozag.
     3 | D        | Found a bloodstained altar of Trog.
     4 | D        | Found a corrupted altar of Lugonu.
     4 | D        | Found a shadowy altar of Dithmenos.
     4 | D        | Found Kynya's Weapon Rack.
     4 | D        | Found Arotuol's Premium Goods.
     5 | D        | Found Pugimmente's Basic Armour.
     5 | D        | Found Kicsuusk's Miscellaneous Merchandise.
     5 | D        | Round 1.
    12 | D        | Became a worshipper of Gozag Ym Sagoz the Greedy
    19 | D        | Found Tafeif's Do-It-Yourself Clinic.
    20 | D        | Found Tinnir's Bottled Wisdom.
    20 | D        | Found Buzosegg's Distillery.
    63 | D        | Reached skill level 6 in Slings
    63 | D        | Reached skill level 1 in Armour
    65 | D        | Noticed a necrophage
    76 | D        | Killed a necrophage
    77 | D        | Reached skill level 9 in Slings
    77 | D        | Reached XP level 2. HP: 11/21 MP: 2/2
    77 | D        | Reached XP level 3. HP: 13/26 MP: 3/3
    77 | D        | Reached XP level 4. HP: 17/32 MP: 4/4
   113 | D        | Noticed a phantom
   121 | D        | Reached skill level 10 in Slings
   121 | D        | Reached skill level 5 in Dodging
   121 | D        | Reached XP level 5. HP: 24/36 MP: 5/5
   129 | D        | Found a viscous altar of Jiyva.
   136 | D        | Arena points: 4 (+4) [x1]
   151 | D        | Round 2.
   152 | D        | Found an ornate altar of the Wu Jian Council.
   153 | D        | Found a shimmering altar of Xom.
   170 | D        | Slain by an ufetubus

Illustrated notes

Levels and vault maps discovered:
D:        arena_sprint

Skill      XL: |  1  2  3  4 |
---------------+-------------+-----
Fighting       | 3 4 |  4.3
Slings         | 9 10 | 10.5
Armour         | 3 4 |  4.6
Dodging        | 4 5 |  5.2
Stealth        | |  1.1

Action                   |  1- 3 |  4- 6 || total
-------------------------+-------+-------++-------
Melee: Short sword       |       |    34 ||    34
 Fire: Hunting sling     |    15 |     5 ||    20
Armor: Leather armour    |       |     5 ||     5
Dodge: Dodged            |     1 |    49 ||    50

Table legend: (Time is in decaauts)
 A = Elapsed time spent in this place.
 B = Non-inter-level travel time spent in this place.
 C = Inter-level travel time spent in this place.
 D = Time resting spent in this place.
 E = Time spent auto-exploring this place.
 F = Levels seen in this place.
 G = Mean time per level.
                   A        B        C        D        E       F      G
               +--------+--------+--------+--------+--------+-----+--------+
         Total |    169 |    169 |      0 |     50 |     30 |   1 |  169.0 |
       Dungeon |    169 |    169 |      0 |     50 |     30 |   1 |  169.0 |
               +--------+--------+--------+--------+--------+-----+--------+

Top non-repeatable levels by time:
       D: 169 daAuts
